 Dungeon Crawl Stone Soup version 0.30.1-11-g7821555f0a (webtiles) character file.

Game seed: 16066655553391397472

56 lonewolfV2 the Trooper (level 3, -3/37 HPs)
             Began as a Minotaur Fighter on Nov 10, 2023.
             Slain by a gnoll
             ... wielding a +0 club
              (5 damage)
             ... on level 2 of the Dungeon.
             The game lasted 00:01:42 (1122 turns).

lonewolfV2 the Trooper (Minotaur Fighter)           Turns: 1122, Time: 00:01:43

Health: -3/37      AC:  8    Str: 20    XL:     3   Next: 71%
Magic:  2/2        EV:  9    Int:  5    God:
Gold:   67         SH:  4    Dex: 11    Spells: 2/2 levels left

rFire   . . .        a - +0 war axe
rCold   . . .        c - +0 buckler
rNeg    . . .        b - +0 scale mail
rPois   .            (helmet restricted)
rElec   .            (no cloak)
rCorr   .            g - +0 pair of gloves
SInv    .            (no boots)
Will    .....        (no amulet) Stlth
                     (no ring)
HPRegen 0.26/turn    (no ring)
MPRegen 0.08/turn

%: no passive effects
@: no status effects
A: horns 2, retaliatory headbutt
a: no special abilities


You were on level 2 of the Dungeon.
You visited 1 branch of the dungeon, and saw 2 of its levels.

You collected 67 gold pieces.

Inventory:

Hand Weapons
 a - a +0 war axe (weapon)
Armour
 b - a +0 scale mail (worn)
 c - a +0 buckler (worn)
 g - a +0 pair of gloves (worn)
Scrolls
 f - a scroll of enchant weapon {unknown}
 h - a scroll of summoning {unknown}
 j - a scroll of torment {unknown}
 l - a scroll of blinking {unknown}
Potions
 d - a potion of might
 e - a potion of heal wounds {unknown}
 i - a potion of degeneration {unknown}
 k - a potion of mutation {unknown}


   Skills:
 * Level 5.7 Fighting
 - Level 2.4 Axes
 - Level 3.6 Armour
 - Level 3.6 Shields


You had 2 spell levels left.
You didn't know any spells.
Your spell library was empty.

Dungeon Overview and Level Annotations

Branches:
Dungeon (2/15)

Altars:


Innate Abilities, Weirdness & Mutations

You have a pair of horns on your head.
You reflexively headbutt those who attack you in melee.


Message History

Found 7 stones.
Could not explore, unopened door.
Could not explore, unopened door.
Could not explore, unopened door.
As you open the door, it creaks loudly!
Could not explore, unopened door.
Could not explore, unopened door.
You open the door.
There is an open door here.
Could not explore, unopened door.
Could not explore, unopened door.
You open the door. 4 gnolls come into view.
The gnoll shouts! x2
The gnoll hits you from afar with a +0 spear.
The gnoll moves out of view.
There are monsters nearby!
There are monsters nearby!
You barely miss the gnoll. Your headbutt misses the gnoll.
The gnoll hits you from afar with a +0 spear.
The gnoll barely misses you. The gnoll hits you but does no damage.
The gnoll hits you with a +0 club. You block the gnoll's attack.
You slash the gnoll!
The gnoll is severely wounded.
The gnoll hits you but does no damage. The gnoll closely misses you.
The gnoll hits you with a +0 club.
You hit the gnoll.
The gnoll is severely wounded.
The gnoll hits you from afar with a +0 spear.
The gnoll hits you with a +0 club. The gnoll closely misses you.
The gnoll hits you from afar with a +0 spear.
You block the gnoll's attack.
The gnoll hits you from afar with a +0 halberd!
* * * LOW HITPOINT WARNING * * *
You hit the gnoll but do no damage.
The gnoll is severely wounded.
The gnoll hits you from afar with a +0 spear.
* * * LOW HITPOINT WARNING * * *
The gnoll closely misses you. The gnoll hits you with a +0 club.
You die...

####.........
#...######.#.
#...#####
#.<.'...# ..
#(..##### #.
#...# ## #.
#...# ..# #.
##'##g..# #.
#.@ggg.+ #.
####...# #.
..# ###. .#
#<..
###########'
#..........
#..........
#..........
###########


You could see 4 gnolls.

Vanquished Creatures
  An adder (D:2)
  A dart slug (D:1)
  4 ball pythons (D:1)
  4 bats
  5 endoplasms
  4 goblins
  6 hobgoblins
  2 jackals (D:1)
  5 kobolds
  A quokka (D:1)
  4 frilled lizards (D:1)
  3 rats
40 creatures vanquished.

Notes
Turn   | Place    | Note
-------+----------+-------------------------------------------
     0 | D:1      | lonewolfV2 the Minotaur Fighter began the quest for the
                  | Orb.
     0 | D:1      | Reached XP level 1. HP: 19/19 MP: 0/0
    67 | D:1      | Reached skill level 4 in Fighting
    70 | D:1      | Reached XP level 2. HP: 25/28 MP: 1/1
   271 | D:1      | Reached skill level 5 in Fighting
   369 | D:1      | Reached XP level 3. HP: 34/36 MP: 2/2
  1122 | D:2      | Slain by a gnoll

Illustrated notes

Levels and vault maps discovered:
D:1:      saegor_arrival_fortress, layout_basic
D:2:      layout_basic, chequers_jeans, minmay_pentomino_v4

Skill      XL: |  1  2 |
---------------+-------+-----
Fighting       | 4 5 |  5.7
Axes           | |  2.4
Armour         | |  3.6
Shields        | |  3.6

Action                     || total
---------------------------++-------
  Melee: War axe           ||    74
         Headbutt          ||     5
    Use: Scroll            ||     1
 Armour: Scale mail        ||    46
  Dodge: Dodged            ||    40
  Block: Buckler           ||    14
